 Dungeon Crawl Stone Soup version 0.15-a0-2151-gce93697 (webtiles) character file.

422 MDvedh the Basher (level 6, -5/62 HPs)
             Began as an Ogre Berserker on July 19, 2014.
             Was an Elder of Trog.
             Slain by Prince Ribbit (15 damage)
             ... on Level 4 of the Dungeon.
             The game lasted 00:07:49 (5003 turns).

MDvedh the Basher (Ogre Berserker)                  Turns: 5003, Time: 00:07:50

HP  -5/62        AC  4     Str 25      XL: 6   Next: 95%
MP   6/6         EV 10     Int  6      God: Trog [****..]
Gold 246         SH  0     Dex  9      Spells:  0 memorised,  5 levels left

rFire  . . .     SeeInvis .     q - +0 flail
rCold  . . .     Clarity  .     b - +1 animal skin
rNeg   . . .     rCorr    .     (shield restricted)
rPois  .         rRot     .     (helmet restricted)
rElec  .         Spirit   .     (no cloak)
SustAb .         Warding  .     (gloves unavailable)
rMut   .         Stasis   .     (boots unavailable)
Gourm  .                        (no amulet)
MR     ++...                    (no ring)
                                (no ring)

@: about to teleport, regenerating, very resistant to hostile enchantments, very
unstealthy
A: unfitting armour, tough skin 1
a: Burn Spellbooks, Berserk, Trog's Hand, Brothers in Arms, Renounce Religion


You were on level 4 of the Dungeon.
You worshipped Trog.
Trog was greatly pleased with you.
You were near starving.

You visited 1 branch of the dungeon, and saw 4 of its levels.
You also visited: Sewer.

You collected 246 gold pieces.

Inventory:

Hand weapons
 a - a +0 mace
 q - a +0 flail (weapon)
Armour
 b - a +1 animal skin (worn)
 m - a +0 shield
 s - an ice dragon hide
Comestibles
 c - 4 meat rations
Scrolls
 h - a scroll of remove curse
 j - a scroll of random uselessness
 n - a scroll of enchant armour
 p - a scroll of identify
Potions
 d - a potion of resistance {unknown}
 e - a potion of berserk rage {unknown}
 f - a potion of might {unknown}
 g - a potion of cure mutation
 i - a potion of cancellation {unknown}
 k - a potion of degeneration {unknown}
 o - a potion of mutation {unknown}
 r - 2 potions of invisibility


   Skills:
 - Level 4.0 Fighting
 + Level 9.9 Maces & Flails
 - Level 2.9 Dodging


You had 5 spell levels left.
You didn't know any spells.

Dungeon Overview and Level Annotations

Branches:
Dungeon (4/15)             Temple (0/1) D:4

Altars:

Annotations:
D:4 Prince Ribbit


Innate Abilities, Weirdness & Mutations

You are too large for most types of armour.
You have tough skin (AC +1).


Message History

Prince Ribbit barely misses you.
Press: ? - help, v - describe, . - travel
Here: Prince Ribbit (severely wounded)
The floor.
Unknown command.
Drink which item? (? for menu, Esc to quit)
Okay, then.
Read which item? (? for menu, Esc to quit)
Okay, then.
Drink which item? (? for menu, Esc to quit)
Okay, then.
Use which ability? (? or * to list)
Your skin crawls.
You feel resistant to hostile enchantments.
You feel slightly more hungry. Prince Ribbit hits you.
* * * LOW HITPOINT WARNING * * *
Read which item? (? for menu, Esc to quit)
As you read the scroll of teleportation, it crumbles to dust.
You feel strangely unstable. Prince Ribbit hits you!
You die...

#..###.....#..## .####
##..##..####..#
##.##.# ##.....##
##.## #.#. # ....##.##
#..# #. #
...####.#####..#####.#
#..# #.........##.# #
...# ##.####....#..#
...###..# #####F###
....##.## #@#
.#......# #.#####
.....#..## ##.....#
....##...## ##.###.##
###.###...####..#
##.## #..###........#
##.# #..###...####.#
### ####......## #.##
.##.)###.## ##.#


You could see Prince Ribbit.

Vanquished Creatures
  Purgy (Sewer)
  A goliath beetle (D:3)
  A worker ant (D:3)
  An iguana (D:3)
  Ijyb (D:3)
  Jessica (D:2)
  Terence (D:3)
  2 adders (D:2)
  4 gnolls (D:4)
  3 worms
  A giant mite (D:4)
  6 orcs
  2 ball pythons
  17 bats
  A bat skeleton (D:4)
  6 giant cockroaches
  15 goblins
  8 hobgoblins
  8 jackals
  A quokka (D:3)
  4 giant geckos
  7 giant newts
  11 kobolds
  10 rats
113 creatures vanquished.

Notes
Turn   | Place    | Note
--------------------------------------------------------------
     0 | D:1      | MDvedh, the Ogre Berserker, began the quest for the Orb.
     0 | D:1      | Reached XP level 1. HP: 24/24 MP: 1/1
   421 | D:1      | Reached XP level 2. HP: 32/32 MP: 2/2
   524 | D:1      | Reached skill level 5 in Maces & Flails
   946 | D:2      | Reached XP level 3. HP: 36/39 MP: 3/3
  1051 | D:2      | Acquired Trog's second power
  1166 | D:2      | Reached skill level 6 in Maces & Flails
  1470 | D:2      | Reached XP level 4. HP: 22/48 MP: 4/4
  1834 | D:2      | Noticed Jessica
  1846 | D:2      | Killed Jessica
  1918 | D:2      | Reached skill level 7 in Maces & Flails
  2232 | D:3      | Reached XP level 5. HP: 54/54 MP: 5/5
  2357 | D:3      | Noticed Ijyb
  2369 | D:3      | Killed Ijyb
  2622 | D:3      | Reached skill level 8 in Maces & Flails
  2987 | D:3      | Noticed Terence
  3001 | D:3      | Killed Terence
  3368 | D:4      | Noticed an ogre
  3382 | D:3      | Reached XP level 6. HP: 12/62 MP: 6/6
  3813 | D:4      | Found a glowing drain.
  3821 | Sewer    | Entered a sewer
  3825 | Sewer    | Reached skill level 9 in Maces & Flails
  3851 | Sewer    | Noticed Purgy
  3860 | Sewer    | Killed Purgy
  4011 | D:4      | Found a staircase to the Ecumenical Temple.
  4054 | D:4      | Acquired Trog's third power
  4994 | D:4      | Noticed Prince Ribbit
  5003 | D:4      | Slain by Prince Ribbit

Action                   |  1- 3 |  4- 6 || total
-------------------------+-------+-------++-------
Melee: Mace              |   114 |   100 ||   214
       Flail             |       |   138 ||   138
Invok: Berserk           |     3 |     4 ||     7
       Trog's Hand       |       |     1 ||     1
  Use: Scroll            |       |    11 ||    11
       Potion            |       |     1 ||     1
  Eat: Beef jerky        |     1 |       ||     1
       Chunk             |     3 |     9 ||    12
       Meat ration       |       |     1 ||     1
